 Dungeon Crawl Stone Soup version 0.18.1-5-g4a78601 (webtiles) character file.

55 skyy0731 the Cudgeler (level 3, 0/40 HPs)
             Began as an Ogre Berserker on May 13, 2016.
             Was a Believer of Trog.
             Slain by dadrew1's ghost (2 damage)
             ... on level 3 of the Dungeon.
             The game lasted 00:07:44 (1298 turns).

skyy0731 the Cudgeler (Ogre Berserker)              Turns: 1298, Time: 00:07:45

Health: 0/40       AC:  4    Str: 22 (23) XL:     3   Next: 93%
Magic:  3/3        EV: 10    Int:  5 (6)  God:    Trog [**....]
Gold:   31         SH:  0    Dex:  8 (9)  Spells: 0 memorised, 2 levels left

rFire  . . .     SeeInvis .     a - +0 mace
rCold  . . .     Gourm    .     b - +1 animal skin
rNeg   . . .     Faith    .     (no shield)
rPois  .         Spirit   .     (helmet restricted)
rElec  .         Dismiss  .     (no cloak)
rCorr  .         Reflect  .     (gloves unavailable)
SustAt .         Harm     .     (boots unavailable)
MR     .....                    (no amulet)
Stlth  +.........               (no ring)
                                (no ring)

@: exhausted, slowed, very slow, not resistant to hostile enchantments, very
unstealthy
A: unfitting armour, tough skin 1
a: Berserk, Trog's Hand, Burn Spellbooks, Renounce Religion


You were on level 3 of the Dungeon.
You worshipped Trog.
Trog was pleased with you.
You were hungry.

You visited 1 branch of the dungeon, and saw 3 of its levels.

You collected 31 gold pieces.

Inventory:

Hand Weapons
 a - a +0 mace (weapon)
 e - a +0 hand axe
 i - a cursed -3 dagger
Missiles
 d - 2 needles of confusion
 f - 11 poisoned needles
 h - 2 tomahawks (quivered)
 k - 27 arrows
Armour
 b - a +1 animal skin (worn)
Scrolls
 g - a scroll of fog
Potions
 j - 2 potions of resistance {unknown}
Comestibles
 c - 3 bread rations


   Skills:
 + Level 4.5 Fighting
 + Level 4.7 Maces & Flails
 + Level 3.4 Dodging
 + Level 0.5 Stealth


You had 2 spell levels left.
You didn't know any spells.

Dungeon Overview and Level Annotations

Branches:
Dungeon (3/15)

Altars:

Annotations:
D:3 Natasha; dadrew1's ghost, amateur DsGl


Innate Abilities, Weirdness & Mutations

You are too large for most types of armour.
You have tough skin (AC +1).


Message History

Natasha casts a spell.
The hobgoblin closely misses you. The kobold hits you but does no damage.
The bat barely misses you. The kobold hits you but does no damage.
The shadow imp spits at you.
Natasha extends her claws.
Dadrew1's ghost barely misses you. The bat closely misses you.
Natasha mumbles some strange words.
The giant gecko bites you.
* * * LOW HITPOINT WARNING * * *
The bat misses you.
Natasha casts a spell.
The giant gecko bites you.
* * * LOW HITPOINT WARNING * * *
The kobold barely misses you. The bat closely misses you.
The giant gecko bites you.
* * * LOW HITPOINT WARNING * * *
The giant newt hisses menacingly.
The bat hits you but does no damage. The bat barely misses you.
Dadrew1's ghost hits you.
You die...

........ #......
#..... # #.... ##
#. #... ...
#.###.. ....
..#.....####....
.......@........
........bWlKK.....
.........gKh......
#.>.....5.l.......
#.#.......55......
#.................
#.................
##.......†(.$.....
........(†)....$..


You could see Natasha, dadrew1's ghost, a white imp, 2 shadow imps, a giant
gecko, a hobgoblin, a bat, 3 kobolds and a giant newt.

Vanquished Creatures
  2 adders
  A giant gecko (D:1)
  An orc (D:3)
  A ball python (D:1)
  6 bats (D:1)
  3 giant cockroaches (D:1)
  A goblin (D:1)
  4 hobgoblins
  4 jackals (D:1)
  2 giant newts (D:1)
  4 kobolds
  4 rats
33 creatures vanquished.

Notes
Turn   | Place    | Note
--------------------------------------------------------------
     0 | D:1      | skyy0731 the Ogre Berserker began the quest for the Orb.
     0 | D:1      | Reached XP level 1. HP: 24/24 MP: 1/1
   131 | D:1      | Reached XP level 2. HP: 9/32 MP: 2/2
   331 | D:1      | HP: 1/33 [jackal (1)]
   697 | D:1      | Reached XP level 3. HP: 32/40 MP: 3/3
   939 | D:1      | Reached ** piety under Trog
  1278 | D:3      | Noticed Natasha
  1281 | D:3      | Noticed dadrew1's ghost (amateur DsGl)
  1297 | D:3      | HP: 2/40 [giant gecko (4)]
  1298 | D:3      | Slain by dadrew1's ghost

Skill      XL: |  1  2 |
---------------+-------+-----
Dodging        | 3 |  3.4
Fighting       | |  4.5
Maces & Flails | |  4.7
Stealth        | |  0.5

Action                   || total
-------------------------++-------
Melee: Mace              ||   108
Invok: Berserk           ||     1
  Use: Scroll            ||     4
       Potion            ||     1
  Eat: Beef jerky        ||     1
Armor: Animal skin       ||    84
Dodge: Dodged            ||   156
